 Dungeon Crawl Stone Soup version 0.22-a0-283-g1871b15 (webtiles) character file.

29 sankara the Sneak (level 3, 21/21 HPs)
             Began as an Octopode Fire Elementalist on Mar 19, 2018.
             Got out of the dungeon alive.
             The game lasted 00:03:05 (825 turns).

sankara the Sneak (Octopode Fire Elementalist)       Turns: 825, Time: 00:03:06

Health: 21/21      AC:  1    Str:  7    XL:     3   Next: 16%
Magic:  6/6        EV: 13    Int: 18    God:
Gold:   7          SH:  0    Dex: 12    Spells: 5/6 levels left

rFire    . . .     SeeInvis .   a - +3 dagger
rCold    . . .     Gourm    .   (no shield)
rNeg     . . .     Faith    .   (helmet restricted)
rPois    .         Spirit   .   (no amulet)
rElec    .         Reflect  .   (no ring)
rCorr    .         Harm     .   (no ring)
MR       .....                  (no ring)
Stlth    +++.......             (no ring)
HPRegen  0.07/turn              (no ring)
MPRegen  0.10/turn              (no ring)
                                (no ring)
                                (no ring)

@: no status effects
A: almost no armour, stealthy swim, amphibious, 8 rings, constrict 8, camouflage
1, gelatinous body 1
a: no special abilities


You escaped.
You were not hungry.

You visited 1 branch of the dungeon, and saw 1 of its levels.

You collected 7 gold pieces.

Inventory:

Hand Weapons
 a - a +3 dagger (weapon)
   (You took it off a goblin on level 1 of the Dungeon)
Missiles
 d - 22 stones (quivered)
Scrolls
 e - 2 scrolls of remove curse {unknown}
 f - a scroll of identify {unknown}
Comestibles
 b - 2 rations
 c - a chunk of flesh {@w0}


   Skills:
 - Level 2.0 Dodging
 + Level 3.4 Stealth
 + Level 2.3 Spellcasting
 + Level 1.7 Conjurations
 + Level 3.3 Fire Magic


You had 5 spell levels left.
You knew the following spells:

 Your Spells              Type           Power        Failure   Level  Hunger
a - Flame Tongue          Conj/Fire      ##...        6%          1    #......


Dungeon Overview and Level Annotations

Branches:
Dungeon (1/15)

Altars:


Innate Abilities, Weirdness & Mutations

You cannot wear most types of armour.
You are very stealthy in the water. (Stealth+)
You are amphibious.
You can wear up to eight rings at the same time.
You can use your tentacles to constrict eight enemies at once.
Your skin changes colour to match your surroundings (Stealth+).
Your rubbery body absorbs attacks. (AC +1, EV +1)


Message History

Press: ? - help, Shift-Dir - straight line, f - bat
Aim: a bat The flame tongue hits the bat.
You kill the bat!
You start resting.
Magic restored.
HP restored.
You see here a spear.
There isn't anything to butcher here.
The bat is too close now for your liking.
A bat is nearby!
Casting: Flame Tongue (safe; 6% risk of failure)
Confirm with . or Enter, or press ? or * to list all spells.
You can't see any susceptible monsters within range! (Use Z to cast anyway.) Unknown command.
A kobold comes into view. It is wielding a dagger.
Casting: Flame Tongue (safe; 6% risk of failure)
Confirm with . or Enter, or press ? or * to list all spells.
Aiming: Flame Tongue (safe; 6% risk of failure)
Press: ? - help, Shift-Dir - straight line, f - bat
Aim: a bat The flame tongue misses the bat.
The bat is engulfed in a cloud of scalding steam.
You kill the bat!
The kobold shouts!
Casting: Flame Tongue (safe; 6% risk of failure)
Confirm with . or Enter, or press ? or * to list all spells.
You can't see any susceptible monsters within range! (Use Z to cast anyway.) Unknown command.
Casting: Flame Tongue (safe; 6% risk of failure)
Confirm with . or Enter, or press ? or * to list all spells.
Aiming: Flame Tongue (safe; 6% risk of failure)
Press: ? - help, Shift-Dir - straight line, f - kobold
Aim: a kobold, wielding a dagger The flame tongue hits the kobold.
You kill the kobold!
A rat comes into view.
A kobold comes into view. It is wielding a short sword.
The kobold shouts!
The kobold throws a stone.
The stone closely misses you.
Casting: Flame Tongue (safe; 6% risk of failure)
Confirm with . or Enter, or press ? or * to list all spells.
Aiming: Flame Tongue (safe; 6% risk of failure)
Press: ? - help, Shift-Dir - straight line, f - kobold
Aim: a kobold, wielding a short sword The flame tongue misses the kobold.
The kobold throws a stone.
The stone completely misses you.
Casting: Flame Tongue (safe; 6% risk of failure)
Confirm with . or Enter, or press ? or * to list all spells.
Aiming: Flame Tongue (safe; 6% risk of failure)
Press: ? - help, Shift-Dir - straight line, f/p - kobold
Aim: a kobold, wielding a short sword The flame tongue hits the kobold.
The kobold is heavily wounded.
The kobold throws a stone.
The stone closely misses you.
Casting: Flame Tongue (safe; 6% risk of failure)
Confirm with . or Enter, or press ? or * to list all spells.
Aiming: Flame Tongue (safe; 6% risk of failure)
Press: ? - help, Shift-Dir - straight line, f/p - kobold
Aim: a kobold, wielding a short sword (heavily wounded)
The flame tongue hits the kobold.
You kill the kobold!
The rat barely misses you.
Casting: Flame Tongue (safe; 6% risk of failure)
Confirm with . or Enter, or press ? or * to list all spells.
Aiming: Flame Tongue (safe; 6% risk of failure)
Press: ? - help, Shift-Dir - straight line, f - rat
Aim: a rat The flame tongue hits the rat.
You kill the rat!
You see here a rat corpse.
You butcher the rat corpse.
c - a chunk of flesh {@w0} You see here a rat skeleton.
Things that are here:
a dagger; a kobold corpse The kobold corpse isn't edible.
d - 21 stones (gained 3)
You start resting.
Magic restored.
Things that are here:
a dagger; a kobold corpse
d - 22 stones (gained 1)
Things that are here:
a short sword; a kobold corpse
Things that are here:
a dagger; a kobold corpse
b - 2 rations (gained 1) Key pressed, stopping explore.
You see here 10 arrows.
You now have 7 gold pieces.
Key pressed, stopping explore.
You see here 10 arrows.
Key pressed, stopping explore.
f - a scroll labeled RYGASTR BOG PIC You see here a spear.
Found a stone staircase leading down.
There is a staircase leading out of the dungeon here.
Are you sure you want to leave the Dungeon?
This will make you lose the game!
You have escaped!

..#.# ...# #.
#.#.#.# ...#
#.##.#.#.# #...#
.....#.#.## #...#
>........ +...+
#.....####...#
#####............#
.................#
..##>#@#..##....#
###......###
##.##..# ###...#
##.##..# #......#
>##..##..#
.........# .....
...... .........#
....


There were no monsters in sight!

Vanquished Creatures
  A gnoll (D:1)
  A leopard gecko (D:1)
  A ball python (D:1)
  2 giant cockroaches (D:1)
  2 goblins (D:1)
  A hobgoblin (D:1)
  2 kobolds (D:1)
  4 bats (D:1)
  3 rats (D:1)
17 creatures vanquished.

Notes
Turn   | Place    | Note
-------+----------+-------------------------------------------
     0 | D:1      | sankara the Octopode Fire Elementalist began the quest for the Orb.
     0 | D:1      | Reached XP level 1. HP: 11/11 MP: 3/3
    95 | D:1      | Reached skill level 3 in Stealth
    97 | D:1      | Reached XP level 2. HP: 17/17 MP: 0/5
   338 | D:1      | HP: 1/17 [gnoll/spear (11)]
   342 | D:1      | Reached XP level 3. HP: 2/21 MP: 0/6
   825 | D:$      | Got out of the dungeon alive.

Vault maps used:
D:1:      onia_arrival_handbag, serial_park_tiny_pond

Skill      XL: |  1 |
---------------+----+-----
Stealth        | 3 |  3.4
Dodging        | |  2.0
Spellcasting   | |  2.3
Conjurations   | |  1.7
Fire Magic     | |  3.3

Action                   || total
-------------------------++-------
Melee: Dagger            ||     5
       Constrict         ||     1
       Tentacles         ||     1
 Cast: Flame Tongue      ||    21
 Stab: Sleeping          ||     2
Dodge: Dodged            ||     9

Table legend:
 A = Spawn XP
 B = Non-spawn XP
 C = Spawn XP percentage of total XP
 D = Spawn monster count
 E = Non-spawn monster count
 F = Spawn count percentage of total count
 G = Total turns spent on level
                    A         B        C        D         E        F      G
               +---------+---------+-------+---------+---------+-------+---------
         Total |       0 |      42 |   0.0 |       0 |      17 |   0.0 |   825
               +---------+---------+-------+---------+---------+-------+---------
           D:1 |       0 |      42 |   0.0 |       0 |      17 |   0.0 |   825
               +---------+---------+-------+---------+---------+-------+---------

Vault maps used:
D:1:      onia_arrival_handbag, serial_park_tiny_pond

Table legend:
 A = Turns spent in this place as a percentage of turns spent in the entire game.
 B = Non-inter-level travel turns spent in this place as a percentage of non-inter-level travel turns spent in the entire game.
 C = Inter-level travel turns spent in this place as a percentage of turns spent in this place.
 D = Turns resting spent in this place as a percentage of non-inter-level travel turns spent in this place.
 E = Turns spent auto-exploring this place as a percentage of non-inter-level travel turns spent in this place.
 F = Non-inter-level travel turns spent in this place divided by the number of levels of this place that you've seen.
                   A       B       C       D       E      F
               +-------+-------+-------+-------+-------+----------------------
         Total | 100.0 | 100.0 |   5.9 |  56.6 |  25.0 | 776.0
       Dungeon | 100.0 | 100.0 |   5.9 |  56.6 |  25.0 | 776.0
               +-------+-------+-------+-------+-------+----------------------

Table legend:
 A = Kills in this place as a percentage of kills in entire the game.
 B = Kills by you in this place as a percentage of kills by you in the entire game.
 C = Kills by friends in this place as a percentage of kills by friends in the entire game.
 D = Other kills in this place as a percentage of other kills in the entire game.
 E = Experience gained in this place as a percentage of experience gained in the entire game.
 F = Experience gained in this place divided by the number of levels of this place that you have seen.
                   A       B       C       D       E      F
               +-------+-------+-------+-------+-------+----------------------
         Total | 100.0 | 100.0 |   N/A |   N/A | 100.0 |  42.0
       Dungeon | 100.0 | 100.0 |   N/A |   N/A | 100.0 |  42.0
               +-------+-------+-------+-------+-------+----------------------
